 Dungeon Crawl Stone Soup version 0.24.0 (webtiles) character file.

Game seed: 8297126420519126535, levelgen mode: deterministic

1810 Ayyar the Skirmisher (level 8, -7/64 HPs)
             Began as a Demonspawn Gladiator on Apr 5, 2020.
             Was a Follower of Fedhas.
             Mangled by an orc warrior
             ... wielding a +0 long sword
              (15 damage)
             ... on level 6 of the Dungeon.
             The game lasted 00:33:07 (5949 turns).

Ayyar the Skirmisher (Demonspawn Gladiator)         Turns: 5949, Time: 00:33:07

Health: -7/64      AC: 10    Str: 21    XL:     8   Next: 84%
Magic:  8/8        EV: 15    Int:  9    God:    Fedhas [*.....]
Gold:   384        SH:  6    Dex: 21    Spells: 7/7 levels left

rFire    . . .     SeeInvis .   a - +0 long sword
rCold    . . .     Gourm    .   w - +0 buckler
rNeg     . . .     Faith    .   I - +0 scale mail
rPois    .         Spirit   .   y - +1 hat
rElec    .         Reflect  .   (no cloak)
rCorr    .         Harm     .   N - +0 pair of gloves
MR       .....                  D - +0 pair of boots
Stlth    ..........             u - amulet of regeneration
HPRegen  0.60/turn              K - +5 ring of dexterity
MPRegen  0.11/turn              (no ring)

@: mighty
A: claws 1, repulsion field 1, powered by pain 1, rot immunity
a: Renounce Religion


You were on level 6 of the Dungeon.
You worshipped Fedhas.
Fedhas was aware of your devotion.
You were not hungry.

You visited 1 branch of the dungeon, and saw 6 of its levels.

You collected 384 gold pieces.

Inventory:

Hand Weapons
 a - a +0 long sword (weapon)
 O - a +3 great sword
Missiles
 d - 3 throwing nets
 i - 4 boomerangs (quivered)
 m - 18 poisoned darts
Armour
 c - a +0 helmet
 w - a +0 buckler (worn)
 y - a +1 hat (worn)
 D - a +0 pair of boots (worn)
 I - a +0 scale mail (worn)
 J - a +0 plate armour
 N - a +0 pair of gloves (worn)
Jewellery
 g - an uncursed ring of magical power
 o - an uncursed ring of protection from fire
 u - an amulet of regeneration (around neck)
 A - an uncursed amulet of magic regeneration
 B - an uncursed amulet of guardian spirit
 C - an uncursed ring of stealth
 K - a +5 ring of dexterity (left hand)
Wands
 n - a wand of scattershot (8)
 E - a wand of flame (14)
 G - a wand of random effects (26)
Scrolls
 b - 3 scrolls of magic mapping
 e - 2 scrolls of teleportation
 j - 2 scrolls of immolation {unknown}
 p - a scroll of fog {unknown}
 r - 2 scrolls of remove curse
 x - a scroll of identify {unknown}
 z - 2 scrolls of fear {unknown}
 F - a scroll of noise {unknown}
 H - a scroll of random uselessness {unknown}
 L - a scroll of amnesia {unknown}
Potions
 h - 3 potions of haste
 k - a potion of might
 q - a potion of heal wounds {unknown}
 s - 2 potions of flight {unknown}
 t - 2 potions of brilliance
 v - a potion of ambrosia {unknown}
 M - a potion of curing {unknown}
Comestibles
 f - 10 rations
 l - 3 chunks of flesh


   Skills:
 + Level 5.7 Fighting
 + Level 5.6 Long Blades
 + Level 4.9 Throwing
 + Level 3.0 Armour
 - Level 4.0 Dodging
 - Level 4.0 Shields


You had 7 spell levels left.
You didn't know any spells.
Your spell library was empty.

Dungeon Overview and Level Annotations

Branches:
Dungeon (6/15)             Temple (0/1) D:4

Altars:
Fedhas
Gozag
Ru
Sif Muna
Trog
Yredelemnul
Zin

Shops:
D:6 [


Innate Abilities, Weirdness & Mutations

You have sharp fingernails.
You are surrounded by a mild repulsion field. (EV +2)
You sometimes gain a little power by taking damage.
You are immune to rotting.


Message History

You hit the iguana.
The iguana is severely wounded.
The iguana barely misses you.
You riposte.
You barely miss the iguana.
The iguana is severely wounded.
The orc warrior hits you but does no damage.
You hit the iguana.
The iguana is almost dead.
You feel sick.
You are no longer poisoned.
The iguana bites you.
* * * LOW HITPOINT WARNING * * *
The orc warrior hits you with a +0 long sword.
* * * LOW HITPOINT WARNING * * *
The iguana misses you.
You slash the iguana!
You kill the iguana!
Fedhas accepts your kill.
The orc warrior hits you with a +0 long sword!
You die...
Fedhas appreciates your contribution to the ecosystem.

.......# ......##
)......# .....###
.....## ......#####
.....##...######
...[........##.###
.......###.(..<)@#
.......##......o##
.......##...#..##
.......##...#.....
......#####..##.....
......# .... ..#.#
....... ..... .## #
... ..###.## ... ..


You could see an orc warrior.

Vanquished Creatures
  Prince Ribbit (D:5)
  Duvessa (D:6)
  An orc warrior (D:5)
  A sky beast (D:4)
  2 phantoms (D:6)
  2 ogres
  A bullfrog (D:3)
  Dowan (D:6)
  2 scorpions
  4 wights (D:6)
  A crimson imp (D:5)
  A bullfrog skeleton (D:4)
  An orc priest (D:6)
  A centaur skeleton (D:4)
  2 hounds (D:5)
  5 orc wizards
  An iguana (D:6)
  4 worker ants
  A hound zombie (D:5)
  A hound skeleton (D:4)
  5 adders
  An ooze (D:3)
  An adder skeleton (D:4)
  5 worms
  2 dart slugs
  3 leopard geckos
  15 orcs
  2 ball pythons (D:4)
  A giant cockroach (D:2)
  14 goblins
  7 hobgoblins
  9 jackals
  2 quokkas (D:2)
  9 bats
  3 frilled lizards
  5 kobolds
  12 rats
130 creatures vanquished.

Notes
Turn   | Place    | Note
-------+----------+-------------------------------------------
     0 | D:1      | Ayyar the Demonspawn Gladiator began the quest for the Orb.
     0 | D:1      | Reached XP level 1. HP: 16/16 MP: 1/1
   376 | D:1      | Gained mutation: You are immune to rotting. [demonic
                  | ancestry]
   376 | D:1      | Reached XP level 2. HP: 22/22 MP: 2/2
   930 | D:2      | Reached XP level 3. HP: 21/28 MP: 3/3
  1654 | D:2      | Reached XP level 4. HP: 34/34 MP: 4/4
  2060 | D:3      | Noticed a bullfrog
  2103 | D:2      | Gained mutation: You are surrounded by a mild repulsion
                  | field. (EV +2) [demonic ancestry]
  2103 | D:2      | Reached XP level 5. HP: 15/40 MP: 5/5
  2632 | D:3      | Found a glowing silver altar of Zin.
  2636 | D:3      | Found a blossoming altar of Fedhas.
  2641 | D:3      | Found a shimmering blue altar of Sif Muna.
  2647 | D:3      | Found a bloodstained altar of Trog.
  2655 | D:3      | Found a sacrificial altar of Ru.
  2701 | D:3      | Became a worshipper of Fedhas Madash
  2953 | D:3      | Found a basalt altar of Yredelemnul.
  3173 | D:4      | Noticed a sky beast
  3270 | D:4      | Reached XP level 6. HP: 23/47 MP: 6/6
  3685 | D:4      | Killed a sky beast
  3685 | D:4      | Reached skill level 1 in Shields
  3711 | D:4      | Found a staircase to the Ecumenical Temple.
  4041 | D:5      | Entered Level 5 of the Dungeon
  4055 | D:5      | Noticed Prince Ribbit
  4131 | D:5      | Gained mutation: You sometimes gain a little power by
                  | taking damage. [demonic ancestry]
  4131 | D:5      | Reached XP level 7. HP: 54/54 MP: 7/7
  4547 | D:5      | Found an opulent altar of Gozag.
  4608 | D:5      | Killed Prince Ribbit
  4669 | D:5      | Reached * piety under Fedhas
  5294 | D:5      | Reached skill level 1 in Armour
  5294 | D:5      | Gained mutation: You have sharp fingernails. [demonic
                  | ancestry]
  5294 | D:5      | Reached XP level 8. HP: 31/61 MP: 8/8
  5465 | D:6      | Found Dejiewk's Armour Shop.
  5529 | D:6      | Reached skill level 5 in Fighting
  5529 | D:6      | Reached skill level 5 in Long Blades
  5734 | D:6      | Noticed Dowan
  5737 | D:6      | Noticed Duvessa
  5743 | D:6      | Killed Dowan
  5753 | D:6      | Killed Duvessa
  5949 | D:6      | Mangled by an orc warrior

Levels and vault maps discovered:
D:1:      matt_arrival_diagonals, layout_basic, serial_bayou_pond_a
D:2:      layout_basic
D:3:      layout_loops_ring, minmay_overflow_temple_star_hex,
          lemuel_coloured_pillars_altar, kennysheep_cluttered_room
D:4:      layout_basic, minmay_temple_entry_statues_pillars, first_ration
D:5:      layout_basic, kennysheep_little_box, chequers_serial_rivers_small_b,
          uniq_prince_ribbit1
D:6:      layout_cave_pools, grunt_temple_overflow_champion_of_chaos,
          elyvilon_altar_5, serial_shops,
          nicolae_shop_temple_entry_statues_fountains, uniq_duvessa
